 Dungeon Crawl Stone Soup version 0.31-a0-216-g22e908daa7 (webtiles) character file.

Game seed: 4647512700188194705

101 qw the Shooter (level 4, -2/26 HPs)
             Began as a Gargoyle Hexslinger on July 1, 2023.
             Slain by a river rat (5 damage)
             ... in a sewer.
             The game lasted 00:00:55 (2287 turns).

qw the Shooter (Gargoyle Hexslinger)                Turns: 2287, Time: 00:00:55

Health: -2/26      AC:  8    Str: 11    XL:     4   Next: 75%
Magic:  5/5        EV: 10    Int: 14    God:
Gold:   136        SH:  0    Dex: 14    Spells: 4/5 levels left

rFire   . . .        Y - +1 sling
rCold   . . .        (no shield)
rNeg    + . .        d - +0 ring mail
rPois   inf          (no helmet)
rElec   +            (no cloak)
rCorr   .            (no gloves)
SInv    .            (no boots)
Will    +....        (no amulet)
Stlth   +            (no ring)
HPRegen 0.24/turn    (no ring)
MPRegen 0.09/turn

%: no passive effects
@: enlightened, flying
A: sickness immunity, AC +3, negative energy resistance 1, electricity
resistance, torment resistance 1, petrification resistance
a: no special abilities


You were in a sewer.
You visited 1 branch of the dungeon, and saw 3 of its levels.
You also visited: Sewer.

You collected 136 gold pieces.


Innate Abilities, Weirdness & Mutations

You are immune to sickness and miasma.
Your stone body is resilient. (AC +3)
You are immune to poison.
You resist negative energy. (rN+)
You are resistant to electric shocks. (rElec)
You are resistant to unholy torment.
You are immune to petrification.


   Skills:
 - Level 2.0 Fighting
 + Level 4.3 Ranged Weapons
 - Level 1.0 Armour
 - Level 1.5 Dodging
 - Level 1.0 Spellcasting
 - Level 2.6 Hexes


You had 4 spell levels left.
You knew the following spells:

 Your Spells              Type           Power      Damage    Failure   Level
a - Slow                  Hex            32%        N/A       21%         1

Your spell library contained the following spells:

 Spells                   Type           Power      Damage    Failure   Level
 Inner Flame              Hex/Fire       4%         N/A       71%         3
 Portal Projectile        Hex/Tloc       8%         N/A       71%         3
 Cause Fear               Hex            4%         N/A       90%         4

Inventory:

Hand Weapons
 Y - a +1 sling (weapon)
Armour
 d - a +0 ring mail (worn)
Jewellery
 g - an amulet of regeneration
Scrolls
 a - a scroll of identify
Potions
 b - a potion of lignification {unknown}
 e - a potion of enlightenment
 f - 3 potions of curing
 i - a potion of might {unknown}
 j - a potion of berserk rage {unknown}

Dungeon Overview and Level Annotations

Branches:
Dungeon (3/15)              Sewer (1/1)

Altars:
Trog


Message History

The river rat is moderately wounded.
You shoot a sling bullet.
The sling bullet completely misses the river rat.
The sling bullet barely misses the rat. x2
You shoot a sling bullet.
The sling bullet closely misses the river rat.
The sling bullet hits the rat.
The rat is severely wounded.
You shoot a sling bullet. The sling bullet hits the river rat.
The river rat is moderately wounded.
The river rat twitches its whiskers.
The river rat bites you but does no damage.
You shoot a sling bullet.
The sling bullet barely misses the river rat.
The sling bullet completely misses the rat.
The sling bullet hits the rat.
You kill the rat!
The river rat bites you. x2
You shoot a sling bullet.
The sling bullet closely misses the river rat.
The sling bullet hits the rat.
You kill the rat!
The river rat bites you!
You shoot a sling bullet.
The sling bullet closely misses the river rat.
The river rat barely misses you.
You shoot a sling bullet.
The sling bullet hits the river rat but does no damage.
The river rat is moderately wounded.
The river rat bites you! The river rat closely misses you.
You shoot a sling bullet. The sling bullet hits the river rat.
The river rat is severely wounded.
The river rat barely misses you.
You shoot a sling bullet.
The sling bullet barely misses the river rat.
The river rat closely misses you.
You shoot a sling bullet. The sling bullet hits the river rat.
The river rat is severely wounded.
The river rat closely misses you. The river rat bites you.
You die...

#~~~~~~#
#~~~~~~#
#~~~~~~#
#~~~~~~#
#~~~~~~#
#~~~~~~#
#~.~~~~#
#~~~~~~#
#~~#@.~#
#~~~r~~#
#~~~~~~#
#~~~~~~#
#~~~~~~#
#~~~~~~#
##.~~~.#
......#


You could see a river rat.

Vanquished Creatures
  3 river rats (D:3)
  4 dart slugs
  3 ball pythons
  7 endoplasms
  6 giant cockroaches
  6 hobgoblins
  12 kobolds
  A quokka (D:1)
  2 bats (D:2)
  2 frilled lizards
  2 goblins
  19 rats
67 creatures vanquished.

Vanquished Creatures (others)
  A wizard (D:3)
1 creature vanquished.

Grand Total: 68 creatures vanquished

Notes
Turn   | Place    | Note
-------+----------+-------------------------------------------
     0 | D:1      | qw the Gargoyle Hexslinger began the quest for the Orb.
     0 | D:1      | Reached XP level 1. HP: 12/12 MP: 2/2
     0 | D:1      | 0 ||| qw: Version: 0.3-a-35-g05ef00e
     0 | D:1      | 0 ||| qw: Game counter: 7767
     0 | D:1      | 0 ||| qw: Melee chars always use a shield: true
     0 | D:1      | 0 ||| qw: God list: Okawaru
     0 | D:1      | 0 ||| qw: Allow faded altars: false
     0 | D:1      | 0 ||| qw: Do Orc after clearing Dungeon:15 true
     0 | D:1      | 0 ||| qw: Do second Lair branch before Depths: true
     0 | D:1      | 0 ||| qw: Lair rune preference: random
     0 | D:1      | 0 ||| qw: Goals: Normal
     0 | D:1      | 0 ||| PLANNING D:1-11
    49 | D:1      | 49 ||| FLEEEEING.
    50 | D:1      | 50 ||| FLEEEEING.
   173 | D:1      | Reached XP level 2. HP: 16/16 MP: 3/3
   226 | D:1      | Reached skill level 3 in Ranged Weapons
   434 | D:1      | Reached XP level 3. HP: 21/21 MP: 4/4
   709 | D:1      | Found a faded altar of an unknown god.
  1079 | D:1      | 1079 ||| UPGRADING to +0 ring mail.
  1089 | D:1      | 1089 ||| DROPPING +0 robe.
  1090 | D:1      | 1090 ||| READING scroll labelled EDYELA MAPSIFF.
  1091 | D:1      | 1091 ||| READING scroll labelled USCHAU VELYA.
  1092 | D:1      | 1092 ||| READING scroll labelled CEIRRE OJOXZEM.
  1107 | D:1      | 1107 ||| DRINKING 3 clear potions.
  1108 | D:1      | 1108 ||| DROPPING scroll of poison.
  1272 | D:2      | 1272 ||| Stepping ~*~*~tactically~*~*~ (outnumbered).
  1608 | D:2      | 1608 ||| READING scroll labelled PUOKLARADGH.
  1609 | D:2      | 1609 ||| READING scroll labelled XYUFOTHRESI.
  1610 | D:2      | 1610 ||| READING scroll labelled DILYRPH WISAH.
  1656 | D:3      | 1656 ||| PLANNING SEWER
  1662 | D:3      | Reached XP level 4. HP: 26/26 MP: 5/5
  1829 | D:3      | Found a bloodstained altar of Trog.
  1830 | D:3      | Noticed a wizard
  1835 | D:3      | Killed a wizard
  1945 | D:3      | Reached skill level 4 in Ranged Weapons
  2037 | D:3      | Reached skill level 1 in Armour
  2073 | D:3      | HP: 4/26 [rat (3)]
  2174 | D:3      | Found a glowing drain.
  2257 | D:3      | 2257 ||| DRINKING 2 murky green potions.
  2263 | Sewer    | Entered a sewer
  2284 | Sewer    | HP: 2/26 [river rat (8)]
  2287 | Sewer    | Slain by a river rat

Levels and vault maps discovered:
D:1:      spicycebolla_green_bress_n_ham_2, layout_loops_corners,
          nicolae_ecumenical_lake_church
D:2:      layout_rooms, minmay_goblin_kobold_house
D:3:      layout_loops_cross, trog_wizard, serial_shops, shop,
          portal_sewer_entry_e, kennysheep_generic_room_6
Sewer:    sewer_minmay_w

Skill      XL: |  1  2  3  4 |
---------------+-------------+-----
Ranged Weapons | 3 4 |  4.3
Fighting       | 2 |  2.0
Armour         | 1 |  1.0
Dodging        | |  1.5
Spellcasting   | |  1.0
Hexes          | |  2.6

Action                     |  1- 3 |  4- 6 || total
---------------------------+-------+-------++-------
   Fire: Sling             |   143 |    89 ||   232
    Use: Scroll            |     6 |       ||     6
         Potion            |     1 |     1 ||     2
 Armour: Robe              |     8 |       ||     8
         Ring mail         |    20 |    13 ||    33
  Dodge: Dodged            |    48 |    37 ||    85

Table legend:
 A = Non-vault XP
 B = Vault XP
 C = Vault XP percentage of total XP
 D = Non-vault monster count
 E = Vault monster count
 F = Vault count percentage of total count
                 A         B        C        D         E       F
            +---------+---------+-------+---------+---------+-------
      Total |      90 |      55 |  37.9 |      53 |      14 |  20.9
            +---------+---------+-------+---------+---------+-------
        D:1 |      52 |       0 |   0.0 |      28 |       0 |   0.0
        D:2 |      21 |       7 |  25.0 |      15 |       5 |  25.0
        D:3 |      17 |      46 |  73.0 |      10 |       7 |  41.2
      Sewer |       0 |       2 | 100.0 |       0 |       2 | 100.0
            +---------+---------+-------+---------+---------+-------
